 Dungeon Crawl Stone Soup version 0.14-a0-2564-g94087c3 (webtiles) character file.

755 Kae the Ruinous (level 6, 0/45 HPs)
             Began as a Draconian Conjurer on Feb 10, 2014.
             Slain by a worm (6 damage)
             ... in a sewer on Feb 11, 2014.
             The game lasted 00:09:28 (6072 turns).

Kae the Ruinous (Draconian Conjurer)                Turns: 6072, Time: 00:09:28

HP   0/45        AC  6     Str 11      XL: 6   Next: 85%
MP   1/15        EV 12     Int 17      God:
Gold 277         SH  0     Dex 11      Spells:  1 memorised, 12 levels left

rFire  . . .     SeeInvis .     o - +1,+0 halberd
rCold  . . .     Clarity  .     (armour unavailable)
rNeg   . . .     Conserve .     (no shield)
rPois  .         rCorr    .     (helmet restricted)
rElec  .         rRot     .     (no cloak)
SustAb . .       Spirit   .     (no gloves)
rMut   .         Warding  .     (no boots)
Saprov . . .     Stasis   .     (no amulet)
MR     .....                    (no ring)
                                (no ring)

@: very slightly contaminated, not resistant to hostile enchantments, unstealthy
A: unfitting armour, AC +6
a: no special abilities


You were in a sewer.
You were very hungry.

You visited 1 branch of the dungeon, and saw 4 of its levels.
You also visited: Sewer.

You collected 277 gold pieces.

Inventory:

Hand weapons
 o - a +1,+0 halberd (weapon)
Magical devices
 l - a wand of magic darts (9) {unknown}
Comestibles
 b - 2 bread rations
 h - a choko
 t - 6 sultanas
 v - a meat ration
 w - 3 grapes
Scrolls
 a - a scroll of noise {unknown}
 d - 3 scrolls of teleportation {unknown}
 f - 2 scrolls of curse armour {unknown}
 g - 3 scrolls of enchant weapon II {unknown}
 i - a scroll of remove curse {unknown}
 j - a scroll of enchant armour {unknown}
 k - 5 scrolls of identify {unknown}
 m - a scroll of magic mapping {unknown}
 q - 2 scrolls of blinking {unknown}
 u - a scroll of immolation {unknown}
 x - 5 scrolls of fear {unknown}
Jewellery
 p - an uncursed amulet of conservation {unknown}
Potions
 e - a potion of curing
 n - a potion of confusion {unknown}
 s - 6 potions of flight
 z - a potion of agility
Books
 c - a book of Conjurations

   Spells                             Type                      Level
   *Magic Dart                        Conjuration                  1
   Searing Ray                        Conjuration                  2
   Dazzling Spray                     Conjuration/Hexes            3
   Iskenderun's Mystic Blast          Conjuration                  4
   Iskenderun's Battlesphere          Conjuration/Charms           4
   Fulminant Prism                    Conjuration/Hexes            5
 r - a book of the Warp

   Spells                             Type                      Level
   Recall                             Summoning/Translocation      3
   Control Teleport                   Charms/Translocation         4
   Phase Shift                        Translocation                5
   Warp Weapon                        Charms/Translocation         5
   Dispersal                          Translocation                6
   Controlled Blink                   Translocation                7
   Disjunction                        Translocation                8


   Skills:
 + Level 0.2 Fighting
 - Level 1.7 Dodging
 - Level 1.7 Stealth
 + Level 4.1 Spellcasting
 * Level 7.2 Conjurations


You had 12 spell levels left.
You knew the following spells:

 Your Spells              Type           Power        Failure   Level  Hunger
a - Magic Dart            Conj           ####         1%          1    None


Dungeon Overview and Level Annotations

Branches:
Dungeon (4/16)
 Temple: D:4-7

Altars:
Ashenzari
Fedhas
Nemelex Xobeh
Zin


Message History

Aim: a worm The magic dart hits the worm.
The worm is lightly wounded.
The worm barely misses you.
Casting: Magic Dart
Confirm with . or Enter, or press ? or * to list all spells.
Aiming: Magic Dart
Press: ? - help, Shift-Dir - straight line, f/p - worm
Aim: a worm (lightly wounded)
The magic dart hits the worm.
The worm is moderately wounded.
Casting: Magic Dart
Confirm with . or Enter, or press ? or * to list all spells.
Aiming: Magic Dart
Press: ? - help, Shift-Dir - straight line, f/p - worm
Aim: a worm (moderately wounded)
The magic dart hits the worm.
The worm is heavily wounded.
The worm bites you.
You die...

≈≈≈≈≈≈≈≈≈≈.≈≈.≈≈≈≈≈≈≈≈≈.≈≈≈.≈≈≈≈≈
≈≈≈≈.≈≈≈≈≈≈≈≈≈≈≈≈≈≈≈≈≈≈≈≈≈≈≈≈≈≈≈≈
≈≈≈≈≈≈≈≈≈≈..≈≈≈≈≈≈≈≈.≈.≈≈≈≈≈.≈≈≈≈
####≈≈≈#######################≈≈≈
#≈≈≈# ###### ###### #≈≈≈ #.≈≈#
#....# #....# #≈≈≈
#≈≈≈#####''#####''##### #.≈≈
#.≈≈≈.≈.......%......∩# #≈≈.
#.≈≈≈≈.≈.....@w......∩# #≈≈≈
#≈≈≈#####''#####''##### #≈≈≈#
#....# ....# ## #.≈≈# ######
###### .###≈≈≈######
..##≈≈≈≈≈≈≈≈. ####.≈.≈≈≈≈≈≈ #
#≈≈≈≈≈≈.≈≈ ####≈≈%######


You could see a worm.

Vanquished Creatures
  2 hounds (D:4)
  A scorpion (D:4)
  An iguana (D:4)
  An orc priest (D:3)
  5 gnolls
  11 adders
  A giant centipede (D:4)
  A green rat (D:4)
  4 giant mites
  4 worms
  A grey rat (D:4)
  4 giant geckos
  8 oozes
  6 orcs (D:3)
  A bat skeleton (D:3)
  4 giant cockroaches
  11 hobgoblins
  13 jackals
  A quokka (D:4)
  14 bats
  7 giant newts
  11 goblins
  11 kobolds
  A kobold skeleton (D:4)
  9 rats
133 creatures vanquished.

Notes
Turn   | Place    | Note
--------------------------------------------------------------
     0 | D:1      | Kae, the Draconian Conjurer, began the quest for the Orb.
     0 | D:1      | Reached XP level 1. HP: 14/14 MP: 3/3
     0 | D:1      | Upgraded the game from 0.14-a0-2542-g51e44bb to 0.14-a0-2564-g94087c3
   167 | D:1      | Reached XP level 2. HP: 12/20 MP: 0/4
  1038 | D:2      | Reached XP level 3. HP: 23/26 MP: 6/6
  1188 | D:2      | Reached skill level 5 in Conjurations
  1635 | D:2      | Reached XP level 4. HP: 31/33 MP: 6/8
  1930 | D:2      | Found a sparkling altar of Nemelex Xobeh.
  2580 | D:3      | Reached XP level 5. HP: 31/38 MP: 3/11
  2859 | D:3      | Found a shattered altar of Ashenzari.
  3204 | D:3      | Reached skill level 6 in Conjurations
  3309 | D:3      | Found a glowing silver altar of Zin.
  3438 | D:3      | Found a blossoming altar of Fedhas.
  3700 | D:3      | Noticed an ogre
  3800 | D:4      | HP: 1/38 [poisoned by a scorpion]
  4207 | D:4      | Reached XP level 6. HP: 31/45 MP: 0/13
  5226 | D:4      | Found a glowing drain.
  5230 | Sewer    | Entered a sewer
  5239 | Sewer    | Reached skill level 7 in Conjurations
  6072 | Sewer    | Slain by a worm

Action                   |  1- 3 |  4- 6 || total
-------------------------+-------+-------++-------
Melee: Unarmed           |    35 |    50 ||    85
       Halberd           |       |    42 ||    42
 Cast: Magic Dart        |    56 |   299 ||   355
  Use: Potion            |       |     5 ||     5
